Pick #1

Connor Bedard
Pick #2

Leo Carlsson
Pick #3

Adam Fantilli
Pick #4

Matvei Michkov
Pick #5

David Reinbacher
Pick #6

William Smith
Pick #7

Zachary Benson
Pick #8

Ryan Leonard
Pick #9

Gabriel Perreault
Pick #10

Axel Sandin-Pellika
Pick #11

Daniil But
Pick #12

Dalibor Dvorsky
Pick #13

Quentin Musty
Pick #14

Brayden Yager
Pick #15

Dmitry Simashev
Pick #16

Colby Barlow
Pick #17

Andrew Cristall
Pick #18

Easton Cowan
Pick #19

Jacob Fowler
Pick #20

Oliver Moore
Pick #21

Oliver Bonk
Pick #22

Tom Willander
Pick #23

Calum Ritchie
Pick #24

Tanner Molendyk
Pick #25

Gavin Brindley
Pick #26

Nate Danielson
Pick #27

Pick #28

Pick #29

Pick #30

Pick #31

Pick #32

Pick #33

Pick #34

Pick #35

Pick #36

Pick #37

Pick #38

Pick #39

Pick #40

Pick #41

Pick #42

Pick #43

Pick #44

Pick #45

Pick #46

Pick #47

Pick #48

Pick #49

Pick #50

Pick #51

Pick #52

Pick #53

Pick #54

Pick #55

Pick #56

Pick #57

Pick #58

Pick #59

Pick #60

Pick #61

Pick #62

Pick #63

Pick #64

Pick #65

Pick #66

Pick #67

Pick #68

Pick #69

Pick #70

Pick #71

Pick #72

Pick #73

Pick #74

Pick #75

Pick #76

Pick #77

Pick #78

Pick #79

Pick #80

Pick #81

Pick #82

Pick #83

Pick #84

Pick #85

Pick #86

Pick #87

Pick #88

Pick #89

Pick #90

Pick #91

Pick #92

Pick #93

Pick #94

Pick #95

Pick #96

Pick #97

Pick #98

Pick #99

Pick #100

Pick #101

Pick #102

Pick #103

Pick #104

Pick #105

Pick #106

Pick #107

Pick #108

Pick #109

Pick #110

Pick #111

Pick #112

Pick #113

Pick #114

Pick #115

Pick #116

Pick #117

Pick #118

Pick #119

Pick #120

Pick #121

Pick #122

Pick #123

Pick #124

Pick #125

Pick #126

Pick #127

Pick #128

Pick #129

Pick #130

Full Scoreboard »»

Senators vs Panthers

Created - October 24, 2023 at 07:34

Goals
1 2 3 T
Senators 0 2 0 2
Panthers 1 3 1 5
Shots
1 2 3 T
Senators 2 16 16 34
Panthers 9 12 6 27

GoalsPenalties
1st period
1. Panthers , Frederick Gaudreau 1 (Quinn Hughes 5) at 16:23
Brady Tkachuk (FLA) for Holding (Minor) at 10:14
2nd period
2. Senators , Joel Eriksson Ek 1 (Matty Beniers 4) at 1:16
3. Panthers , Matthew Tkachuk 4 (Aleksander Barkov 6, Jake Sanderson 3) at 3:52
4. Panthers , Matthew Tkachuk 5 (Andrei Svechnikov 5, Aleksander Barkov 7) at 7:46
5. Panthers , Jack Hughes 3 (Charlie McAvoy 3, Roope Hintz 3) at 10:51 (PP)
6. Senators , Anthony Cirelli 2 (Chris Tanev 1, Scott Laughton 3) at 12:51
Joel Eriksson Ek (OTT) for Hooking (Minor) at 10:19
3rd period
7. Panthers , Andrei Svechnikov 1 (Owen Power 4, Aleksander Barkov 8) at 0:14
Owen Power (FLA) for Holding (Minor) at 11:16
Oliver Ekman-Larsson (FLA) for Charging (Minor) at 15:24
Goalie Stats
Sam Montembeault (OTT), 13 saves from 17 shots - (0.765), L, 0-4-0, 30:51 minutes
Semyon Varlamov (OTT), 9 saves from 10 shots - (0.900), 29:09 minutes
Alexandar Georgiev (FLA), 32 saves from 34 shots - (0.941), W, 5-0-0, 60:00 minutes
3 StarsOfficial
1 - Matthew Tkachuk (FLA)
2 - Andrei Svechnikov (FLA)
3 - Aleksander Barkov (FLA)
Referees : Tom Chmielewski and Graham Skilliter
Linesman : Jim Harper and Brian Murphy
Game Note
Semyon Varlamov enters game at 10:51 of 2nd period
Finance
Level 1 -- Attendance: 6000 (100.00%) -- Ticket Income $750,000
Level 2 -- Attendance: 4602 (92.04%) -- Ticket Income $437,190
Level 3 -- Attendance: 3298 (94.23%) -- Ticket Income $230,860
Level 4 -- Attendance: 2427 (64.72%) -- Ticket Income $109,215
Luxury Box -- Attendance: 934 (93.40%) -- Ticket Income $214,820
Game was played at the BBT Center.
Total Attendance: 17261 (89.67%)
Total Ticket Income: $1,742,085
Other Income: $435,521
Total Income: $2,177,606



Team Name Goals Shots Shots Attemp Shots Blocked PIM HIT PP PK FO%
Senators 2345832200 / 3 (0%)151%
Panthers 5275086251 / 1 (100%)049%

Senators
Player Name POS G A P +/- PIM HIT SHT SB MP PP MP PP SHT PK MP PK SHT FO% FOT
Andrew CoppC0000004219:283:3410:00052% 33
Anthony CirelliC1010004020:003:3400:320100% 1
Brock McGinnLW000001007:000:0000:0000% 0
Chris TanevD011-2001019:430:0000:3200% 0
Christian DvorakC000-3034014:190:0000:00050% 20
Eric StaalC000-3001014:190:0000:00050% 2
Jake WalmanD0001000115:060:0000:0000% 0
Joel Eriksson EkC1011286018:402:2330:00038% 21
K'Andre MillerD000-2023022:032:2010:3200% 0
Luke GlendeningC000000007:320:0000:32063% 8
Mason McTavishC000-3000016:422:2300:0000% 0
Matty BeniersC0111000018:412:2300:00080% 5
Mikael GranlundC0001012019:553:3700:0000% 0
Nate SchmidtD0001000015:060:0000:0000% 0
Noah HanifinD000-1012022:513:3710:0000% 0
Pius SuterC000000107:000:0000:0000% 0
Rasmus AnderssonD000-1021021:342:2010:0000% 0
Scott LaughtonC0110025019:283:3400:00050% 2
Panthers
Player Name POS G A P +/- PIM HIT SHT SB MP PP MP PP SHT PK MP PK SHT FO% FOT
Aleksander BarkovC0332003022:100:0000:05044% 32
Alexandre CarrierD0000032111:530:0000:0000% 0
Andrei SvechnikovRW1122032022:050:0000:0000% 0
Brady TkachukLW000-1250016:520:3200:0000% 1
Charlie McAvoyD011-1012125:120:3203:1200% 0
Emil BemstromRW0000000010:290:0000:0000% 0
Frederick GaudreauC101100306:030:0001:27067% 9
Jack HughesC101-1002016:530:3210:00050% 2
Jake SandersonD0113030122:550:0002:4500% 0
Luke EvangelistaRW0000010010:290:0000:0000% 0
Matthew TkachukLW2022004022:050:0000:0000% 2
Michael McLeodC000100008:520:0004:16050% 2
Mikael BacklundC0000003114:540:0004:25058% 24
Oliver Ekman-LarssonD0000211012:470:0000:5500% 0
Owen PowerD0113250321:590:0001:5000% 0
Quinn HughesD011-1012125:120:3203:1200% 0
Robby FabbriC000102204:360:0000:0000% 0
Roope HintzC011-1001018:340:3201:41045% 20



Play-by-Play

1st period


0:01 of 1st period - Matty Beniers wins face-off versus Aleksander Barkov in neutral zone.
0:30 of 1st period - Shot by Andrei Svechnikov.
0:30 of 1st period - Stopped by Sam Montembeault without a rebound.
0:31 of 1st period - Roope Hintz wins face-off versus Andrew Copp in Senators zone.
1:07 of 1st period - Off-side.
1:08 of 1st period - Mikael Backlund wins face-off versus Christian Dvorak in neutral zone.
1:35 of 1st period - Shot by Mikael Backlund.
1:35 of 1st period - Shot Misses the Net.
1:37 of 1st period - Shot by Alexandre Carrier.
1:37 of 1st period - Stopped by Sam Montembeault without a rebound.
1:38 of 1st period - Frederick Gaudreau wins face-off versus Luke Glendening in Senators zone.
2:18 of 1st period - Shot by Pius Suter.
2:18 of 1st period - Deflect By Luke Glendening.
2:18 of 1st period - Shot Misses the Net.
2:20 of 1st period - Shot by Pius Suter.
2:20 of 1st period - Stopped by Alexandar Georgiev without a rebound.
2:21 of 1st period - Joel Eriksson Ek wins face-off versus Aleksander Barkov in Panthers zone.
2:21 of 1st period - Joel Eriksson Ek is hit by Owen Power.
4:28 of 1st period - Shot by Mikael Backlund.
4:28 of 1st period - Stopped by Sam Montembeault without a rebound.
4:29 of 1st period - Frederick Gaudreau wins face-off versus Andrew Copp in Senators zone.
4:30 of 1st period - Shot by Robby Fabbri.
4:30 of 1st period - Shot Blocked by Andrew Copp.
4:32 of 1st period - Shot by Jake Sanderson.
4:32 of 1st period - Shot Misses the Net.
4:34 of 1st period - Shot by Owen Power.
4:34 of 1st period - Shot Misses the Net.
4:42 of 1st period - Shot by Jake Sanderson.
4:42 of 1st period - Shot Blocked by Andrew Copp.
4:44 of 1st period - Shot by Frederick Gaudreau.
4:44 of 1st period - Stopped by Sam Montembeault without a rebound.
4:45 of 1st period - Christian Dvorak wins face-off versus Aleksander Barkov in Senators zone.
4:47 of 1st period - Icing by Rasmus Andersson.
4:48 of 1st period - Christian Dvorak wins face-off versus Aleksander Barkov in Senators zone.
5:49 of 1st period - Shot by Scott Laughton.
5:49 of 1st period - Stopped by Alexandar Georgiev without a rebound.
5:50 of 1st period - Luke Glendening wins face-off versus Roope Hintz in Panthers zone.
6:03 of 1st period - Brock McGinn is hit by Brady Tkachuk and loses puck.
6:14 of 1st period - Brock McGinn is hit by Brady Tkachuk and loses puck.
6:29 of 1st period - Shot by Brady Tkachuk.
6:29 of 1st period - Shot Blocked by Jake Walman.
7:20 of 1st period - Nate Schmidt is hit by Luke Evangelista and loses puck.
8:25 of 1st period - Aleksander Barkov is hit by Scott Laughton and loses puck.
8:37 of 1st period - Icing by Quinn Hughes.
8:38 of 1st period - Aleksander Barkov wins face-off versus Christian Dvorak in Panthers zone.
9:13 of 1st period - Icing by Eric Staal.
9:14 of 1st period - Christian Dvorak wins face-off versus Frederick Gaudreau in Senators zone.
9:27 of 1st period - Eric Staal is hit by Alexandre Carrier.
9:47 of 1st period - Shot by Michael McLeod.
9:47 of 1st period - Shot Misses the Net.
9:53 of 1st period - Shot by Robby Fabbri.
9:53 of 1st period - Stopped by Sam Montembeault without a rebound.
9:54 of 1st period - Scott Laughton wins face-off versus Aleksander Barkov in Senators zone.
10:04 of 1st period - Icing by Aleksander Barkov.
10:05 of 1st period - Joel Eriksson Ek wins face-off versus Matthew Tkachuk in Panthers zone.
10:13 of 1st period - Off-side.
10:14 of 1st period - Andrew Copp wins face-off versus Roope Hintz in neutral zone.
10:14 of 1st period - Minor Penalty to Brady Tkachuk for Holding.
10:15 of 1st period - Matty Beniers wins face-off versus Mikael Backlund in Panthers zone.
10:40 of 1st period - Owen Power is hit by Joel Eriksson Ek.
11:47 of 1st period - Icing by Anthony Cirelli.
11:48 of 1st period - Andrew Copp wins face-off versus Mikael Backlund in Senators zone.
12:35 of 1st period - Shot by Matthew Tkachuk.
12:35 of 1st period - Stopped by Sam Montembeault without a rebound.
12:36 of 1st period - Christian Dvorak wins face-off versus Roope Hintz in Senators zone.
15:06 of 1st period - Shot by Andrew Copp.
15:06 of 1st period - Shot Misses the Net.
15:19 of 1st period - Andrew Copp is hit by Alexandre Carrier.
15:48 of 1st period - Owen Power is hit by Brock McGinn and loses puck.
15:55 of 1st period - Shot by Luke Glendening.
15:55 of 1st period - Shot Blocked by Owen Power.
16:16 of 1st period - Off-side.
16:17 of 1st period - Frederick Gaudreau wins face-off versus Christian Dvorak in neutral zone.
16:17 of 1st period - Frederick Gaudreau is hit by Christian Dvorak.
16:23 of 1st period - Shot by Frederick Gaudreau.
16:23 of 1st period - Goal by Frederick Gaudreau - Senators : 0 - Panthers : 1.
16:24 of 1st period - Frederick Gaudreau wins face-off versus Joel Eriksson Ek in neutral zone.
16:45 of 1st period - Shot by Matty Beniers.
16:45 of 1st period - Shot Misses the Net.
16:47 of 1st period - Shot by Mikael Granlund.
16:47 of 1st period - Shot Blocked by Charlie McAvoy.
16:59 of 1st period - Shot by Frederick Gaudreau.
16:59 of 1st period - Stopped by Sam Montembeault without a rebound.
17:00 of 1st period - Andrew Copp wins face-off versus Aleksander Barkov in Senators zone.
17:22 of 1st period - Andrew Copp is hit by Owen Power and loses puck.
17:26 of 1st period - Icing by Owen Power.
17:27 of 1st period - Aleksander Barkov wins face-off versus Eric Staal in Panthers zone.
18:45 of 1st period - Shot by Quinn Hughes.
18:45 of 1st period - Stopped by Sam Montembeault with a rebound.
Goals for this period are 0 for Senators vs 1 for Panthers.
Shots for this period are 2 for Senators vs 9 for Panthers.

2nd period


0:01 of 2nd period - Andrew Copp wins face-off versus Aleksander Barkov in neutral zone.
0:25 of 2nd period - Aleksander Barkov is hit by Rasmus Andersson and loses puck.
0:38 of 2nd period - Shot by Scott Laughton.
0:38 of 2nd period - Stopped by Alexandar Georgiev without a rebound.
0:39 of 2nd period - Roope Hintz wins face-off versus Joel Eriksson Ek in Panthers zone.
1:16 of 2nd period - Shot by Joel Eriksson Ek.
1:16 of 2nd period - Goal by Joel Eriksson Ek - Senators : 1 - Panthers : 1.
1:17 of 2nd period - Eric Staal wins face-off versus Mikael Backlund in neutral zone.
1:20 of 2nd period - Emil Bemstrom is hit by Christian Dvorak and loses puck.
1:25 of 2nd period - Shot by Eric Staal.
1:25 of 2nd period - Stopped by Alexandar Georgiev without a rebound.
1:26 of 2nd period - Andrew Copp wins face-off versus Aleksander Barkov in Panthers zone.
1:27 of 2nd period - Shot by Scott Laughton.
1:27 of 2nd period - Stopped by Alexandar Georgiev without a rebound.
1:28 of 2nd period - Aleksander Barkov wins face-off versus Andrew Copp in Panthers zone.
1:36 of 2nd period - Anthony Cirelli is hit by Owen Power and loses puck.
1:41 of 2nd period - Shot by Anthony Cirelli.
1:41 of 2nd period - Deflect By Andrew Copp.
1:41 of 2nd period - Stopped by Alexandar Georgiev without a rebound.
1:42 of 2nd period - Mikael Backlund wins face-off versus Joel Eriksson Ek in Panthers zone.
1:42 of 2nd period - Mikael Backlund is hit by Joel Eriksson Ek.
1:52 of 2nd period - Icing by Joel Eriksson Ek.
1:53 of 2nd period - Joel Eriksson Ek wins face-off versus Aleksander Barkov in Senators zone.
1:57 of 2nd period - Chris Tanev is hit by Jake Sanderson and loses puck.
2:12 of 2nd period - Shot by Matty Beniers.
2:12 of 2nd period - Shot Misses the Net.
2:14 of 2nd period - Shot by K'Andre Miller.
2:14 of 2nd period - Shot Misses the Net.
2:16 of 2nd period - Shot by Chris Tanev.
2:16 of 2nd period - Stopped by Alexandar Georgiev without a rebound.
2:17 of 2nd period - Andrew Copp wins face-off versus Mikael Backlund in Panthers zone.
3:26 of 2nd period - Matthew Tkachuk is hit by Christian Dvorak and loses puck.
3:35 of 2nd period - K'Andre Miller is hit by Andrei Svechnikov.
3:42 of 2nd period - Andrei Svechnikov is hit by K'Andre Miller.
3:52 of 2nd period - Shot by Aleksander Barkov.
3:52 of 2nd period - Deflect By Matthew Tkachuk.
3:52 of 2nd period - Goal by Matthew Tkachuk - Senators : 1 - Panthers : 2.
3:53 of 2nd period - Roope Hintz wins face-off versus Joel Eriksson Ek in neutral zone.
5:04 of 2nd period - Shot by Charlie McAvoy.
5:04 of 2nd period - Stopped by Sam Montembeault with a rebound.
6:07 of 2nd period - Icing by Rasmus Andersson.
6:08 of 2nd period - Roope Hintz wins face-off versus Andrew Copp in Senators zone.
6:39 of 2nd period - Shot by Roope Hintz.
6:39 of 2nd period - Shot Misses the Net.
6:41 of 2nd period - Shot by Alexandre Carrier.
6:41 of 2nd period - Stopped by Sam Montembeault with a rebound.
6:50 of 2nd period - Roope Hintz is hit by Rasmus Andersson and loses puck.
6:53 of 2nd period - Shot by Brady Tkachuk.
6:53 of 2nd period - Shot Misses the Net.
7:36 of 2nd period - Icing by K'Andre Miller.
7:37 of 2nd period - Christian Dvorak wins face-off versus Aleksander Barkov in Senators zone.
7:46 of 2nd period - Shot by Matthew Tkachuk.
7:46 of 2nd period - Goal by Matthew Tkachuk - Senators : 1 - Panthers : 3.
7:47 of 2nd period - Aleksander Barkov wins face-off versus Luke Glendening in neutral zone.
8:00 of 2nd period - K'Andre Miller is hit by Jake Sanderson and loses puck.
8:17 of 2nd period - Shot by Aleksander Barkov.
8:17 of 2nd period - Stopped by Sam Montembeault without a rebound.
8:18 of 2nd period - Roope Hintz wins face-off versus Christian Dvorak in Senators zone.
8:23 of 2nd period - Shot by Roope Hintz.
8:23 of 2nd period - Stopped by Sam Montembeault without a rebound.
8:24 of 2nd period - Roope Hintz wins face-off versus Scott Laughton in Senators zone.
8:27 of 2nd period - Shot by Brady Tkachuk.
8:27 of 2nd period - Shot Misses the Net.
8:38 of 2nd period - Noah Hanifin is hit by Brady Tkachuk and loses puck.
8:50 of 2nd period - Shot by Anthony Cirelli.
8:50 of 2nd period - Shot Blocked by Quinn Hughes.
8:57 of 2nd period - Icing by Charlie McAvoy.
8:58 of 2nd period - Christian Dvorak wins face-off versus Roope Hintz in Panthers zone.
8:58 of 2nd period - Christian Dvorak is hit by Charlie McAvoy.
9:36 of 2nd period - Shot by Aleksander Barkov.
9:36 of 2nd period - Shot Misses the Net.
9:38 of 2nd period - Shot by Aleksander Barkov.
9:38 of 2nd period - The goal is going for a video replay.
9:38 of 2nd period - The goal is refused.
9:39 of 2nd period - Mikael Backlund wins face-off versus Andrew Copp in Senators zone.
9:48 of 2nd period - Shot by Andrew Copp.
9:48 of 2nd period - Shot Misses the Net.
9:56 of 2nd period - Shot by Scott Laughton.
9:56 of 2nd period - Stopped by Alexandar Georgiev without a rebound.
9:57 of 2nd period - Aleksander Barkov wins face-off versus Matty Beniers in Panthers zone.
10:18 of 2nd period - Shot by Joel Eriksson Ek.
10:18 of 2nd period - Stopped by Alexandar Georgiev with a rebound.
10:19 of 2nd period - Minor Penalty to Joel Eriksson Ek for Hooking.
10:20 of 2nd period - Luke Glendening wins face-off versus Roope Hintz in Senators zone.
10:51 of 2nd period - Shot by Jack Hughes.
10:51 of 2nd period - Goal by Jack Hughes - Senators : 1 - Panthers : 4.
10:51 of 2nd period - Semyon Varlamov enters game.
10:52 of 2nd period - Christian Dvorak wins face-off versus Aleksander Barkov in neutral zone.
11:07 of 2nd period - Shot by Noah Hanifin.
11:07 of 2nd period - Stopped by Alexandar Georgiev without a rebound.
11:08 of 2nd period - Mikael Backlund wins face-off versus Joel Eriksson Ek in Panthers zone.
11:08 of 2nd period - Mikael Backlund is hit by Joel Eriksson Ek.
11:39 of 2nd period - Shot by Oliver Ekman-Larsson.
11:39 of 2nd period - Shot Misses the Net.
12:51 of 2nd period - Shot by Anthony Cirelli.
12:51 of 2nd period - Goal by Anthony Cirelli - Senators : 2 - Panthers : 4.
12:52 of 2nd period - Christian Dvorak wins face-off versus Roope Hintz in neutral zone.
12:59 of 2nd period - Shot by Eric Staal.
12:59 of 2nd period - Shot Blocked by Owen Power.
13:03 of 2nd period - Shot by Christian Dvorak.
13:03 of 2nd period - Stopped by Alexandar Georgiev without a rebound.
13:04 of 2nd period - Frederick Gaudreau wins face-off versus Andrew Copp in Panthers zone.
13:09 of 2nd period - Shot by Oliver Ekman-Larsson.
13:09 of 2nd period - Stopped by Semyon Varlamov without a rebound.
13:10 of 2nd period - Andrew Copp wins face-off versus Roope Hintz in Senators zone.
13:31 of 2nd period - Shot by Andrew Copp.
13:31 of 2nd period - Deflect By Anthony Cirelli.
13:31 of 2nd period - Stopped by Alexandar Georgiev without a rebound.
13:32 of 2nd period - Aleksander Barkov wins face-off versus Christian Dvorak in Panthers zone.
13:39 of 2nd period - Shot by Aleksander Barkov.
13:39 of 2nd period - Shot Misses the Net.
13:41 of 2nd period - Shot by Charlie McAvoy.
13:41 of 2nd period - Shot Misses the Net.
13:43 of 2nd period - Shot by Quinn Hughes.
13:43 of 2nd period - Stopped by Semyon Varlamov without a rebound.
13:44 of 2nd period - Andrew Copp wins face-off versus Roope Hintz in Senators zone.
14:06 of 2nd period - Scott Laughton is hit by Owen Power and loses puck.
14:10 of 2nd period - Icing by Owen Power.
14:11 of 2nd period - Roope Hintz wins face-off versus Christian Dvorak in Panthers zone.
15:34 of 2nd period - Icing by Rasmus Andersson.
15:35 of 2nd period - Mikael Backlund wins face-off versus Christian Dvorak in Senators zone.
16:15 of 2nd period - Shot by Mikael Backlund.
16:15 of 2nd period - Stopped by Semyon Varlamov with a rebound.
16:49 of 2nd period - Icing by K'Andre Miller.
16:50 of 2nd period - Andrew Copp wins face-off versus Aleksander Barkov in Senators zone.
17:13 of 2nd period - Charlie McAvoy is hit by Joel Eriksson Ek and loses puck.
17:18 of 2nd period - Shot by Mikael Granlund.
17:18 of 2nd period - Stopped by Alexandar Georgiev without a rebound.
17:19 of 2nd period - Luke Glendening wins face-off versus Jack Hughes in Panthers zone.
17:19 of 2nd period - Luke Glendening is hit by Jake Sanderson.
17:27 of 2nd period - Shot by Luke Glendening.
17:27 of 2nd period - Shot Misses the Net.
17:40 of 2nd period - Off-side.
17:41 of 2nd period - Joel Eriksson Ek wins face-off versus Aleksander Barkov in neutral zone.
17:51 of 2nd period - Icing by Charlie McAvoy.
17:52 of 2nd period - Luke Glendening wins face-off versus Aleksander Barkov in Panthers zone.
18:25 of 2nd period - Shot by Aleksander Barkov.
18:25 of 2nd period - Stopped by Semyon Varlamov without a rebound.
18:26 of 2nd period - Roope Hintz wins face-off versus Joel Eriksson Ek in Senators zone.
18:26 of 2nd period - Brady Tkachuk is hit by Noah Hanifin and loses puck.
18:37 of 2nd period - Roope Hintz is hit by Joel Eriksson Ek and loses puck.
18:48 of 2nd period - Matty Beniers is hit by Brady Tkachuk and loses puck.
19:04 of 2nd period - Icing by Jack Hughes.
19:05 of 2nd period - Andrew Copp wins face-off versus Roope Hintz in Panthers zone.
19:08 of 2nd period - Shot by Scott Laughton.
19:08 of 2nd period - Stopped by Alexandar Georgiev with a rebound.
19:10 of 2nd period - Shot by K'Andre Miller.
19:10 of 2nd period - Stopped by Alexandar Georgiev without a rebound.
19:11 of 2nd period - Aleksander Barkov wins face-off versus Andrew Copp in Panthers zone.
19:11 of 2nd period - Aleksander Barkov is hit by Scott Laughton.
19:24 of 2nd period - Icing by K'Andre Miller.
19:25 of 2nd period - Anthony Cirelli wins face-off versus Frederick Gaudreau in Senators zone.
19:25 of 2nd period - Anthony Cirelli is hit by Robby Fabbri.
19:28 of 2nd period - Scott Laughton is hit by Robby Fabbri and loses puck.
19:36 of 2nd period - Anthony Cirelli is hit by Alexandre Carrier and loses puck.
19:41 of 2nd period - Shot by Andrew Copp.
19:41 of 2nd period - Stopped by Alexandar Georgiev without a rebound.
19:42 of 2nd period - Joel Eriksson Ek wins face-off versus Aleksander Barkov in Panthers zone.
19:54 of 2nd period - Icing by Quinn Hughes.
19:55 of 2nd period - Andrew Copp wins face-off versus Aleksander Barkov in Panthers zone.
19:55 of 2nd period - Scott Laughton is hit by Quinn Hughes and loses puck.
Goals for this period are 2 for Senators vs 3 for Panthers.
Shots for this period are 16 for Senators vs 12 for Panthers.

3rd period


0:01 of 3rd period - Aleksander Barkov wins face-off versus Andrew Copp in neutral zone.
0:10 of 3rd period - Shot by Andrei Svechnikov.
0:10 of 3rd period - Shot Misses the Net.
0:12 of 3rd period - Shot by Owen Power.
0:12 of 3rd period - Shot Misses the Net.
0:14 of 3rd period - Shot by Andrei Svechnikov.
0:14 of 3rd period - Goal by Andrei Svechnikov - Senators : 2 - Panthers : 5.
0:15 of 3rd period - Frederick Gaudreau wins face-off versus Joel Eriksson Ek in neutral zone.
0:15 of 3rd period - Frederick Gaudreau is hit by Joel Eriksson Ek.
0:21 of 3rd period - Shot by Frederick Gaudreau.
0:21 of 3rd period - Deflect By Robby Fabbri.
0:21 of 3rd period - Stopped by Semyon Varlamov without a rebound.
0:22 of 3rd period - Christian Dvorak wins face-off versus Matthew Tkachuk in Senators zone.
0:47 of 3rd period - Icing by Noah Hanifin.
0:48 of 3rd period - Roope Hintz wins face-off versus Christian Dvorak in Senators zone.
0:55 of 3rd period - Shot by Eric Staal.
0:55 of 3rd period - Shot Misses the Net.
1:11 of 3rd period - Rasmus Andersson is hit by Brady Tkachuk and loses puck.
1:46 of 3rd period - Shot by Matthew Tkachuk.
1:46 of 3rd period - Shot Misses the Net.
2:10 of 3rd period - Icing by Aleksander Barkov.
2:11 of 3rd period - Aleksander Barkov wins face-off versus Joel Eriksson Ek in Panthers zone.
4:52 of 3rd period - Shot by Christian Dvorak.
4:52 of 3rd period - Stopped by Alexandar Georgiev without a rebound.
4:53 of 3rd period - Luke Glendening wins face-off versus Roope Hintz in Panthers zone.
5:14 of 3rd period - Shot by Roope Hintz.
5:14 of 3rd period - Shot Misses the Net.
5:19 of 3rd period - Icing by Brock McGinn.
5:20 of 3rd period - Aleksander Barkov wins face-off versus Luke Glendening in Senators zone.
5:33 of 3rd period - Rasmus Andersson is hit by Andrei Svechnikov and loses puck.
6:31 of 3rd period - Shot by Mason McTavish.
6:31 of 3rd period - Shot Misses the Net.
6:33 of 3rd period - Shot by K'Andre Miller.
6:33 of 3rd period - Stopped by Alexandar Georgiev without a rebound.
6:34 of 3rd period - Mikael Backlund wins face-off versus Andrew Copp in Panthers zone.
6:50 of 3rd period - Shot by Andrew Copp.
6:50 of 3rd period - Shot Misses the Net.
6:52 of 3rd period - Shot by Anthony Cirelli.
6:52 of 3rd period - Stopped by Alexandar Georgiev without a rebound.
6:53 of 3rd period - Jack Hughes wins face-off versus Joel Eriksson Ek in Panthers zone.
7:17 of 3rd period - Shot by Jack Hughes.
7:17 of 3rd period - Shot Misses the Net.
7:27 of 3rd period - Shot by Joel Eriksson Ek.
7:27 of 3rd period - Stopped by Alexandar Georgiev without a rebound.
7:28 of 3rd period - Mikael Backlund wins face-off versus Andrew Copp in Panthers zone.
7:37 of 3rd period - Icing by Noah Hanifin.
7:38 of 3rd period - Aleksander Barkov wins face-off versus Andrew Copp in Senators zone.
7:55 of 3rd period - Icing by Charlie McAvoy.
7:56 of 3rd period - Christian Dvorak wins face-off versus Aleksander Barkov in Panthers zone.
8:14 of 3rd period - Shot by Christian Dvorak.
8:14 of 3rd period - Stopped by Alexandar Georgiev with a rebound.
8:28 of 3rd period - Shot by Matthew Tkachuk.
8:28 of 3rd period - Stopped by Semyon Varlamov without a rebound.
8:29 of 3rd period - Matty Beniers wins face-off versus Roope Hintz in Senators zone.
8:42 of 3rd period - Roope Hintz is hit by Mikael Granlund.
9:30 of 3rd period - Shot by Scott Laughton.
9:30 of 3rd period - Shot Misses the Net.
9:32 of 3rd period - Shot by Scott Laughton.
9:32 of 3rd period - Shot Misses the Net.
9:34 of 3rd period - Shot by Rasmus Andersson.
9:34 of 3rd period - Deflect By Anthony Cirelli.
9:34 of 3rd period - Stopped by Alexandar Georgiev without a rebound.
9:35 of 3rd period - Aleksander Barkov wins face-off versus Christian Dvorak in Panthers zone.
9:43 of 3rd period - Aleksander Barkov is hit by K'Andre Miller and loses puck.
9:56 of 3rd period - Shot by Christian Dvorak.
9:56 of 3rd period - Stopped by Alexandar Georgiev without a rebound.
9:57 of 3rd period - Mikael Backlund wins face-off versus Andrew Copp in Panthers zone.
10:06 of 3rd period - Shot by Noah Hanifin.
10:06 of 3rd period - Shot Misses the Net.
10:08 of 3rd period - Shot by Rasmus Andersson.
10:08 of 3rd period - Deflect By Andrew Copp.
10:08 of 3rd period - Stopped by Alexandar Georgiev without a rebound.
10:09 of 3rd period - Aleksander Barkov wins face-off versus Joel Eriksson Ek in Panthers zone.
10:09 of 3rd period - Aleksander Barkov is hit by Joel Eriksson Ek.
10:14 of 3rd period - Icing by Charlie McAvoy.
10:15 of 3rd period - Andrew Copp wins face-off versus Aleksander Barkov in Panthers zone.
10:33 of 3rd period - Icing by Charlie McAvoy.
10:34 of 3rd period - Aleksander Barkov wins face-off versus Christian Dvorak in Panthers zone.
10:39 of 3rd period - K'Andre Miller is hit by Andrei Svechnikov and loses puck.
11:05 of 3rd period - Off-side.
11:06 of 3rd period - Mikael Backlund wins face-off versus Andrew Copp in neutral zone.
11:16 of 3rd period - Minor Penalty to Owen Power for Holding.
11:17 of 3rd period - Andrew Copp wins face-off versus Mikael Backlund in Panthers zone.
11:18 of 3rd period - Shot by Noah Hanifin.
11:18 of 3rd period - Shot Misses the Net.
11:20 of 3rd period - Shot by Mikael Granlund.
11:20 of 3rd period - Shot Blocked by Jake Sanderson.
11:37 of 3rd period - Shot by Michael McLeod.
11:37 of 3rd period - Shot Misses the Net.
11:40 of 3rd period - Icing by Anthony Cirelli.
11:41 of 3rd period - Mikael Backlund wins face-off versus Andrew Copp in Senators zone.
12:06 of 3rd period - Shot by Noah Hanifin.
12:06 of 3rd period - Shot Misses the Net.
12:08 of 3rd period - Shot by Andrew Copp.
12:08 of 3rd period - Stopped by Alexandar Georgiev without a rebound.
12:09 of 3rd period - Mikael Backlund wins face-off versus Joel Eriksson Ek in Panthers zone.
12:09 of 3rd period - Mikael Backlund is hit by Joel Eriksson Ek.
12:27 of 3rd period - Shot by Rasmus Andersson.
12:27 of 3rd period - Stopped by Alexandar Georgiev without a rebound.
12:28 of 3rd period - Joel Eriksson Ek wins face-off versus Mikael Backlund in Panthers zone.
12:33 of 3rd period - Shot by Joel Eriksson Ek.
12:33 of 3rd period - Stopped by Alexandar Georgiev without a rebound.
12:34 of 3rd period - Mikael Backlund wins face-off versus Andrew Copp in Panthers zone.
12:40 of 3rd period - Icing by Noah Hanifin.
12:41 of 3rd period - Michael McLeod wins face-off versus Andrew Copp in Senators zone.
13:10 of 3rd period - Icing by Scott Laughton.
13:11 of 3rd period - Andrew Copp wins face-off versus Michael McLeod in Senators zone.
13:58 of 3rd period - Shot by Jake Walman.
13:58 of 3rd period - Shot Misses the Net.
14:23 of 3rd period - Shot by Joel Eriksson Ek.
14:23 of 3rd period - Deflect By Matty Beniers.
14:23 of 3rd period - Shot Blocked by Owen Power.
14:25 of 3rd period - Shot by Mikael Granlund.
14:25 of 3rd period - Stopped by Alexandar Georgiev without a rebound.
14:26 of 3rd period - Andrew Copp wins face-off versus Brady Tkachuk in Panthers zone.
14:55 of 3rd period - Shot by Jack Hughes.
14:55 of 3rd period - Shot Misses the Net.
14:57 of 3rd period - Shot by Roope Hintz.
14:57 of 3rd period - Shot Misses the Net.
14:59 of 3rd period - Shot by Roope Hintz.
14:59 of 3rd period - Shot Misses the Net.
15:09 of 3rd period - Shot by Charlie McAvoy.
15:09 of 3rd period - Stopped by Semyon Varlamov without a rebound.
15:10 of 3rd period - Matty Beniers wins face-off versus Mikael Backlund in Senators zone.
15:23 of 3rd period - Joel Eriksson Ek is hit by Oliver Ekman-Larsson and loses puck.
15:24 of 3rd period - Minor Penalty to Oliver Ekman-Larsson for Charging.
15:25 of 3rd period - Joel Eriksson Ek wins face-off versus Mikael Backlund in Panthers zone.
15:25 of 3rd period - Joel Eriksson Ek is hit by Owen Power.
15:27 of 3rd period - Shot by Noah Hanifin.
15:27 of 3rd period - Stopped by Alexandar Georgiev without a rebound.
15:28 of 3rd period - Joel Eriksson Ek wins face-off versus Mikael Backlund in Panthers zone.
15:43 of 3rd period - Shot by Mason McTavish.
15:43 of 3rd period - Deflect By Joel Eriksson Ek.
15:43 of 3rd period - Stopped by Alexandar Georgiev with a rebound.
15:57 of 3rd period - Shot by K'Andre Miller.
15:57 of 3rd period - Stopped by Alexandar Georgiev without a rebound.
15:58 of 3rd period - Andrew Copp wins face-off versus Mikael Backlund in Panthers zone.
17:08 of 3rd period - Shot by Joel Eriksson Ek.
17:08 of 3rd period - Stopped by Alexandar Georgiev without a rebound.
17:09 of 3rd period - Mikael Backlund wins face-off versus Joel Eriksson Ek in Panthers zone.
17:34 of 3rd period - Shot by Brock McGinn.
17:34 of 3rd period - Shot Blocked by Alexandre Carrier.
19:12 of 3rd period - Shot by Jack Hughes.
19:12 of 3rd period - Stopped by Semyon Varlamov without a rebound.
19:13 of 3rd period - Mikael Backlund wins face-off versus Joel Eriksson Ek in Senators zone.
19:40 of 3rd period - Shot by Mikael Granlund.
19:40 of 3rd period - Shot Blocked by Mikael Backlund.
19:58 of 3rd period - Shot by Mikael Backlund.
19:58 of 3rd period - Stopped by Semyon Varlamov without a rebound.
19:59 of 3rd period - Andrew Copp wins face-off versus Frederick Gaudreau in Senators zone.
Goals for this period are 0 for Senators vs 1 for Panthers.
Shots for this period are 16 for Senators vs 6 for Panthers.